AoeStats
← Darkspideyy

Arena

509925955Analyzed
3v3 RM · 4d ago on Sep 28, 2026· 17m 43s· 6 players
Game mode
Random Map
Map size
Normal (6 player)
Population
200
Speed
Normal
Resources
Standard
Victory
Conquest
Starting age
Dark Age
Ending age
Imperial Age
RankedLock teamsTeams togetherTeam positionsShared explorationLock speedFull tech treeHidden civsTurbo modeCheats
Victory
Defeat
🇪🇨 Georgians · Ecuador
1052
+12
🇩🇪 Goths · Germany
1034
+13
🇦🇷 Vietnamese · Argentina
878
+19
🇳🇱 Franks · Netherlands
983
-16
🇮🇳 Cumans · India
960
-44
🇹🇷 Burgundians · Türkiye
925
-13
Darkspideyy
16:02 Feudal Age
16:56 Double-Bit Axe
sfdejonge
6:43 Loom
11:50 Feudal Age
16:52 Castle Age
eerc
7:44 Double-Bit Axe
10:51 Feudal Age
15:35 Castle Age
14:22 Bow Saw
16:23 Horse Collar
SIR LOOR FAAL
9:54 Feudal Age
14:35 Castle Age
snake11
11:43 Feudal Age
15:42 Castle Age
13:45 Double-Bit Axe
13:43 Horse Collar
15:47 Town Watch
16:38 Loom
17:30 Wheelbarrow
RUDOLF
11:10 Feudal Age
15:08 Castle Age
16:02 Loom
Connection lost

Rejoining the realm…

Still unreachable

The connection could not be restored.

Session expired

The server has moved on; the page needs a fresh start.